 Dungeon Crawl Stone Soup version 0.29.1-12-g30fa7ad0bf (webtiles) character file.

Game seed: 18007944202430123290

201 wormed the Slasher (level 5, -2/42 HPs)
             Began as a Demigod Gladiator on Dec 27, 2022.
             Slain by an orc priest
             ... wielding a +0 whip
              (3 damage)
             ... on level 6 of the Dungeon.
             The game lasted 00:06:53 (2878 turns).

wormed the Slasher (Demigod Gladiator)              Turns: 2878, Time: 00:06:55

Health: -2/42      AC:  5    Str: 15    XL:     5   Next: 25%
Magic:  7/7        EV: 13    Int: 10    God:
Gold:   111        SH:  5    Dex: 25    Spells: 4/4 levels left

rFire   . . .      SeeInvis .   a - +0 long sword
rCold   . . .      Faith    .   h - +0 buckler
rNeg    . . .      Spirit   .   b - +0 leather armour
rPois   .          Reflect  .   c - +0 helmet
rElec   .          Harm     .   (no cloak)
rCorr   .          Rampage  .   (no gloves)
Will    .....                   i - +0 pair of boots
Stlth   ++........              (no amulet)
HPRegen 0.14/turn               l - +6 ring of dexterity
MPRegen 0.10/turn               (no ring)

@: no status effects
A: high MP 1, forlorn, divine attributes
a: no special abilities


You were on level 6 of the Dungeon.
You visited 1 branch of the dungeon, and saw 6 of its levels.

You collected 111 gold pieces.

Inventory:

Hand Weapons
 a - a +0 long sword (weapon)
Missiles
 d - 2 throwing nets (quivered)
 e - a javelin
 v - 10 poisoned darts
Armour
 b - a +0 leather armour (worn)
 c - a +0 helmet (worn)
 h - a +0 buckler (worn)
 i - a +0 pair of boots (worn)
Jewellery
 l - a +6 ring of dexterity (left hand)
Wands
 p - a wand of roots (8)
Scrolls
 j - 2 scrolls of fear {unknown}
 k - a scroll of identify {unknown}
 n - 2 scrolls of poison {unknown}
 o - a scroll of teleportation {unknown}
 q - a scroll of enchant armour {unknown}
 r - a scroll of torment {unknown}
 s - a scroll of fog {unknown}
Potions
 f - a potion of flight {unknown}
 g - a potion of mutation {unknown}
 m - a potion of haste {unknown}
 t - a potion of invisibility {unknown}
 u - 2 potions of curing {unknown}
 w - a potion of resistance {unknown}


   Skills:
 + Level 2.4 Fighting
 * Level 3.8 Long Blades
 + Level 2.3 Throwing
 + Level 1.5 Armour
 + Level 3.2 Dodging
 + Level 1.3 Shields
 + Level 1.2 Evocations


You had 4 spell levels left.
You didn't know any spells.
Your spell library contained the following spells:

 Spells                   Type           Power      Damage    Failure   Level
 Beastly Appendage        Tmut           0%         N/A       54%         1
 Wereblood                Tmut           0%         N/A       67%         2
 Portal Projectile        Hex/Tloc       0%         N/A       88%         3
 Spider Form              Tmut/Pois      0%         N/A       88%         3
 Tukima's Dance           Hex            0%         N/A       88%         3
 Blade Hands              Tmut           0%         N/A       100%        5


Dungeon Overview and Level Annotations

Branches:
Dungeon (7/15)
 Temple: D:4-7

Annotations:
D:3 2 transporters, FexLirch's ghost, weakling DgEE


Innate Abilities, Weirdness & Mutations

You have an increased reservoir of magic. (+10% MP)
You shall have no god before yourself.
Your divine heritage dramatically boosts your attributes as you level up.


Message History

The orc priest is moderately wounded.
The orc priest hits you but does no damage.
The orc priest closely misses you.
You barely miss the orc priest.
The orc priest is moderately wounded.
The orc priest mumbles some strange prayers to Beogh against you.
Beogh smites you!
The orc priest hits you with a +0 short sword.
The orc priest looks satisfied for a moment.
You hit the orc priest.
The orc priest is lightly wounded.
The orc priest barely misses you. You block something's attack.
You slash the orc priest!
The orc priest is heavily wounded.
The orc priest looks encouraged for a moment.
The orc priest calls upon Beogh to heal the orc priest.
Something hits you.
You slash the orc priest!
You kill the orc priest!
The orc priest misses you. Something hits you but does no damage.
You barely miss something. The orc priest hits you with a +0 whip.
You hear some strange, mumbled words.
A puff of flame appears from out of thin air!
The puff of flame hits you!
You hit something. You block the orc priest's attack.
Something hits you but does no damage.
The orc priest mumbles some strange prayers to Beogh against you.
Beogh smites you!
* * * LOW HITPOINT WARNING * * *
Something hits you.
* * * LOW HITPOINT WARNING * * *
You hear a shout!
Aiming: Fastroot
Press: ? - help, Shift-Dir - straight line The roots erupt in riotous growth!
Roots grab the orc priest.
The grasping roots constrict the orc priest.
You hear an angry hiss.
You hear a shout! x6
The orc priest hits you with a +0 whip.
You die...

.. #.## ... ..#
.... ..#
....#+#.#
........#######
...............
#....o{)..# #@#
# #.# ...##.#.#
.......>#
......#.#
#..####.# #.
... #.# ..#


You could see an orc priest (rooted).

Vanquished Creatures
  2 orc priests
  Jessica (D:2)
  3 gnolls (D:2)
  3 adders
  A worm (D:2)
  5 orcs (D:3)
  4 endoplasms
  A giant cockroach (D:2)
  6 goblins
  5 hobgoblins
  4 kobolds
  A quokka (D:1)
  4 ball pythons
  6 bats
  4 frilled lizards
  6 rats
56 creatures vanquished.

Notes
Turn   | Place    | Note
-------+----------+-------------------------------------------
     0 | D:1      | wormed the Demigod Gladiator began the quest for the Orb.
     0 | D:1      | Reached XP level 1. HP: 17/17 MP: 3/3
   332 | D:1      | Reached XP level 2. HP: 22/24 MP: 4/4
   970 | D:2      | Noticed Jessica
   975 | D:2      | Killed Jessica
   976 | D:2      | Reached XP level 3. HP: 29/29 MP: 5/5
  1062 | D:2      | Reached skill level 1 in Shields
  1531 | D:2      | Reached skill level 1 in Armour
  1531 | D:2      | Reached XP level 4. HP: 36/36 MP: 6/6
  1663 | D:2      | Reached skill level 1 in Evocations
  2036 | D:3      | Found a transporter.
  2038 | D:3      | Noticed a phantom
  2039 | D:3      | Noticed FexLirch's ghost (weakling DgEE)
  2045 | D:3      | Found a transporter.
  2288 | D:3      | Reached XP level 5. HP: 42/42 MP: 7/7
  2857 | D:4      | You fall into a shaft and drop 3 floors!
  2877 | D:6      | HP: 1/42 [something (2)]
  2878 | D:6      | Slain by an orc priest

Illustrated notes

Levels and vault maps discovered:
D:1:      wheals_arrival_shading, layout_basic,
          hellmonk_ecumenical_altar_prayer_group
D:2:      minmay_chambers_of_twos, layout_basic, kennysheep_generic_room_12,
          uniq_jessica
D:3:      layout_loops_ring, gammafunk_ghost_mausoleum, lightli_corner_chamber
D:4:      layout_cave_pods, nicolae_overflow_hidden_temple, chei_slow_surprise,
          uniq_pikel, uniq_robin
D:6:      minmay_diamond_boxcup, layout_basic, general_overflow_altar,
          serial_shops, nicolae_shop_statue_plus, nicolae_take_the_stairs,
          shop_coins, minmay_misc_feat_plants
D:7:      layout_loops_cross, minmay_temple_entry_statues_fountains,
          minmay_misc_feat_square, grunt_decor_fettered,
          nicolae_shop_sticking_my_neck_out

Skill      XL: |  1  2  3  4 |
---------------+-------------+-----
Long Blades    | 3 |  3.8
Fighting       | 2 |  2.4
Throwing       | 2 |  2.3
Dodging        | 3 |  3.2
Shields        | 1 |  1.3
Armour         | 1 |  1.5
Evocations     | 1 |  1.2

Action                   |  1- 3 |  4- 6 || total
-------------------------+-------+-------++-------
Melee: Long sword        |    77 |    85 ||   162
Throw: Throwing net      |     1 |       ||     1
Evoke: Wand              |     1 |     1 ||     2
 Stab: Sleeping          |     1 |     4 ||     5
       Distracted        |       |     1 ||     1
Armor: Leather armour    |    17 |    23 ||    40
Dodge: Dodged            |    47 |    45 ||    92
Block: Buckler           |    22 |    22 ||    44
